 Dungeon Crawl Stone Soup version 0.30-a0-760-g5a9884bb7c (webtiles) character file.

Game seed: 5621218841662114403

174 boo the Slasher (level 5, 0/47 HPs)
             Began as a Minotaur Fighter on Feb 11, 2023.
             Slain by an orc priest
             ... wielding a +0 flail
              (4 damage)
             ... on level 3 of the Dungeon.
             The game lasted 00:02:54 (1872 turns).

boo the Slasher (Minotaur Fighter)                  Turns: 1872, Time: 00:02:55

Health: 0/47       AC: 16    Str: 29    XL:     5   Next: 28%
Magic:  4/4        EV:  8    Int:  5    God:
Gold:   130        SH:  4    Dex:  9    Spells: 4/4 levels left

rFire   + . .      SeeInvis +    a - +0 long sword
rCold   . . .      Faith    .    c - +0 buckler
rNeg    . . .      Spirit   .    t - +4 chain mail {rF+}
rPois   .          Reflect  .    (helmet restricted)
rElec   .          Harm     .    (no cloak)
rCorr   .          Rampage  .    g - +0 pair of gloves
Will    .....                    q - +0 pair of boots Stlth
                                 (no amulet)
HPRegen 0.27/turn                l - +6 ring of strength
MPRegen 0.09/turn                y - ring of see invisible

@: no status effects
A: horns 2, retaliatory headbutt
a: no special abilities


You were on level 3 of the Dungeon.
You visited 1 branch of the dungeon, and saw 3 of its levels.

You collected 130 gold pieces.

Inventory:

Hand Weapons
 a - a +0 long sword (weapon)
Missiles
 m - 3 atropa-tipped darts (quivered)
Armour
 c - a +0 buckler (worn)
 g - a +0 pair of gloves (worn)
 q - a +0 pair of boots (worn)
 t - a +4 chain mail of fire resistance (worn)
Jewellery
 l - a +6 ring of strength (left hand)
 n - a ring of resist corrosion
 y - a ring of see invisible (right hand)
Scrolls
 j - a scroll of fog {unknown}
 k - a scroll of magic mapping {unknown}
 r - 2 scrolls of identify {unknown}
 u - a scroll of vulnerability {unknown}
 v - a scroll of enchant weapon {unknown}
 x - a scroll of enchant armour {unknown}
Potions
 b - a potion of cancellation {unknown}
 d - 4 potions of might
 e - a potion of brilliance {unknown}
 f - a potion of resistance {unknown}
 h - a potion of haste {unknown}
 i - a potion of ambrosia {unknown}
 o - 2 potions of degeneration {unknown}
 p - 2 potions of heal wounds {unknown}
 s - a potion of berserk rage {unknown}
 w - a potion of mutation {unknown}
 z - a potion of curing {unknown}


   Skills:
 + Level 4.6 Fighting
 * Level 4.8 Long Blades
 + Level 1.4 Throwing
 + Level 4.6 Armour
 - Level 3.6 Shields


You had 4 spell levels left.
You didn't know any spells.
Your spell library contained the following spells:

 Spells                   Type           Power      Damage    Failure   Level
 Apportation              Tloc           0%         N/A       98%         1
 Necrotise                Necr           0%         1d4       98%         1
 Summon Small Mammal      Summ           0%         N/A       98%         1
 Hailstorm                Conj/Ice       0%         3d3       100%        3
 Vampiric Draining        Necr           0%         2d6       100%        3
 Ice Form                 Ice/Tmut       0%         N/A       100%        4
 Agony                    Necr           0%         N/A       100%        5
 Simulacrum               Ice/Necr       0%         N/A       100%        6


Dungeon Overview and Level Annotations

Branches:
Dungeon (3/15)

Altars:


Innate Abilities, Weirdness & Mutations

You have a pair of horns on your head.
You reflexively headbutt those who attack you in melee.


Message History

You slash the orc!
You kill the orc!
The orc wizard mumbles some strange words.
The orc wizard flickers and vanishes for a moment.
The orc wizard closely misses you.
You closely miss the orc wizard.
The orc wizard is moderately wounded.
The orc wizard hits you with a +0 dagger.
The orc priest mumbles some strange prayers to Beogh against you.
Beogh smites you!
* * * LOW HITPOINT WARNING * * *
You are too injured to fight recklessly!
You are too injured to fight recklessly!
You are too injured to fight recklessly!
You are too injured to fight recklessly!
You barely miss the orc wizard.
The orc wizard is moderately wounded.
The orc wizard closely misses you. You furiously retaliate!
You headbutt the orc wizard!
You kill the orc wizard!
You hit the orc priest.
The orc priest is moderately wounded.
The orc priest hits you but does no damage.
You barely miss the orc priest.
The orc priest is moderately wounded.
You block the orc priest's attack. The orc priest barely misses you.
You hit the orc priest but do no damage.
Your headbutt misses the orc priest.
The orc priest is moderately wounded.
The orc priest mumbles some strange prayers to Beogh against you.
Beogh smites you!
* * * LOW HITPOINT WARNING * * *
You barely miss the orc priest.
You headbutt the orc priest, but do no damage.
The orc priest is moderately wounded.
The orc priest hits you but does no damage.
You barely miss the orc priest. Your headbutt misses the orc priest.
The orc priest is moderately wounded.
The orc priest hits you with a +0 flail.
You die...

#.#######.#^#
#.#
...........>#
#.#
#########.#.#
#.# #.#.# #.#
#.#.# #.#
#.#.#######.#
#.#.........#
#.#.#########.##
#.......@oob...#
###.############
######## #.#
#......# #.#
##......# #.#
.'......# #.#
##....).# #.#
#..##### #.#
##..# #.#


You could see an orc priest, an orc wizard (invisible) and a bat.

Vanquished Creatures
  Terence (D:3)
  An orc wizard (D:3)
  5 adders
  4 worms (D:2)
  3 dart slugs (D:1)
  3 orcs (D:3)
  3 ball pythons
  6 endoplasms
  3 giant cockroaches
  6 goblins
  A hobgoblin (D:2)
  2 quokkas
  7 bats
  5 frilled lizards
  5 kobolds
  4 rats
59 creatures vanquished.

Notes
Turn   | Place    | Note
-------+----------+-------------------------------------------
     0 | D:1      | boo the Minotaur Fighter began the quest for the Orb.
     0 | D:1      | Reached XP level 1. HP: 19/19 MP: 0/0
    83 | D:1      | Reached XP level 2. HP: 27/27 MP: 1/1
   327 | D:1      | Reached XP level 3. HP: 33/33 MP: 2/2
   683 | D:2      | Reached XP level 4. HP: 41/41 MP: 3/3
  1350 | D:3      | Noticed Terence
  1358 | D:3      | Killed Terence
  1359 | D:3      | Reached skill level 1 in Throwing
  1501 | D:3      | Reached XP level 5. HP: 44/47 MP: 4/4
  1872 | D:3      | Slain by an orc priest

Illustrated notes

Levels and vault maps discovered:
D:1:      ncdulo_halloftheorcs, layout_rooms
D:2:      layout_rooms
D:3:      layout_basic, hangedman_abyss_or_decor_stabs, uniq_terence

Skill      XL: |  1  2  3  4 |
---------------+-------------+-----
Long Blades    | 3 4 |  4.8
Fighting       | 4 |  4.6
Armour         | 4 |  4.6
Throwing       | 1 |  1.4
Shields        | |  3.6

Action                     |  1- 3 |  4- 6 || total
---------------------------+-------+-------++-------
  Melee: Long sword        |    71 |    71 ||   142
         Headbutt          |     9 |    17 ||    26
 Armour: Scale mail        |    33 |    13 ||    46
         Chain mail        |       |    11 ||    11
  Dodge: Dodged            |    26 |    16 ||    42
  Block: Buckler           |    12 |    15 ||    27

Table legend: (Time is in decaauts)
 A = Elapsed time spent in this place.
 B = Non-inter-level travel time spent in this place.
 C = Inter-level travel time spent in this place.
 D = Time resting spent in this place.
 E = Time spent auto-exploring this place.
 F = Levels seen in this place.
 G = Mean time per level.
                   A        B        C        D        E       F      G
               +--------+--------+--------+--------+--------+-----+--------+
         Total |   1904 |   1832 |     72 |    304 |   1137 |   3 |  634.7 |
       Dungeon |   1904 |   1832 |     72 |    304 |   1137 |   3 |  634.7 |
               +--------+--------+--------+--------+--------+-----+--------+

Top non-repeatable levels by time:
     D:3: 787 daAuts
     D:2: 673 daAuts
     D:1: 444 daAuts
